 Dungeon Crawl Stone Soup version 0.29.1-1-gd02db6906a (webtiles) character file.

Game seed: 5317607745019455617

4 Doomgape the Insei (level 1, 0/13 HPs)
             Began as an Octopode Transmuter on Sept 17, 2022.
             Slain by a ball python (3 damage)
             ... on level 1 of the Dungeon.
             The game lasted 00:01:05 (157 turns).

Doomgape the Insei (Octopode Transmuter)             Turns: 157, Time: 00:01:06

Health: 0/13       AC:  1    Str:  9    XL:     1   Next: 60%
Magic:  2/3        EV: 13    Int: 15    God:
Gold:   15         SH:  0    Dex: 12    Spells: 3/4 levels left

rFire   . . .      SeeInvis .     - Unarmed
rCold   . . .      Faith    .   (no shield)
rNeg    . . .      Spirit   .   (helmet currently unavailable)
rPois   .          Reflect  .   (no amulet)
rElec   .          Harm     .   (no ring)
rCorr   .          Rampage  .   (no ring)
Will    .....                   (no ring)
Stlth   ++........              (no ring)
HPRegen 0.04/turn               (no ring)
MPRegen 0.08/turn               (no ring)
                                (no ring)
                                (no ring)

@: appendages
A: tentacle spike 3, almost no armour, amphibious, 8 rings, camouflage 1,
gelatinous body 1, (nimble swimmer 1), tentacles
a: End Transformation


You were on level 1 of the Dungeon.
One of your tentacles had grown a beastly spike.
You visited 1 branch of the dungeon, and saw 1 of its levels.

You collected 15 gold pieces.

Inventory:

Scrolls
 b - a scroll of amnesia {unknown}
Potions
 a - a potion of lignification


   Skills:
 - Level 1.0 Fighting
 - Level 2.0 Dodging
 + Level 3.3 Unarmed Combat
 - Level 2.0 Spellcasting
 - Level 2.0 Transmutations


You had 3 spell levels left.
You knew the following spells:

 Your Spells              Type           Power      Damage    Failure   Level
a - Beastly Appendage     Tmut           14%        N/A       10%         1

Your spell library contained the following spells:

 Spells                   Type           Power      Damage    Failure   Level
 Wereblood                Tmut           7%         N/A       14%         2
 Spider Form              Tmut/Pois      4%         N/A       41%         3
 Ice Form                 Ice/Tmut       4%         N/A       82%         4


Dungeon Overview and Level Annotations

Branches:
Dungeon (1/15)

Altars:


Innate Abilities, Weirdness & Mutations

One of your tentacles has grown a beastly spike.
You cannot wear most types of armour.
You are amphibious.
You can wear up to eight rings at the same time.
Your skin changes colour to match your surroundings (Stealth+).
Your rubbery body absorbs attacks. (AC +1, EV +1)
((You are camouflaged when in or above water. (Stealth+)))
You have tentacles for arms and can constrict up to eight enemies at once.


Message History

No target in view!
Your transformation is almost over.
Your tentacle spike disappears.
A bat comes into view.
A bat is nearby!
Found a stone staircase leading down.
The helpless bat fails to defend itself.
You tentacle-slap the bat. You grab the bat.
The bat is severely wounded.
You constrict the bat.
You kill the bat!
No target in view!
No target in view!
No target in view!
A rat comes into view.
Found a twisted copper amulet.
A rat is nearby!
A kobold comes into view. It is wielding a +0 club.
The kobold shouts!
You hear an angry hiss.
A ball python comes into view.
The kobold hits you with a +0 club.
You barely miss the kobold. Your grab misses the kobold.
You tentacle-slap the kobold, but do no damage.
Your squeeze misses the kobold. The kobold hits you with a +0 club.
You tentacle-slap the kobold but do no damage.
You grab the kobold.
You constrict the kobold, but do no damage.
The kobold hits you with a +0 club.
* * * LOW HITPOINT WARNING * * *
You are too injured to fight recklessly!
You release your grip on the kobold.
The ball python barely misses you. The ball python misses you.
Casting: Beastly Appendage (safe; 10% risk of failure)
Confirm with . or Enter, or press ? or * to list all spells.
One of your tentacles grows a vicious spike.
The ball python closely misses you. x2
You closely miss the ball python. Your grab misses the ball python.
Your tentacle spike misses the ball python.
The ball python bites you.
You die...

. # .# # #.# # #".# #
## ##..# # #..## #..#
# #....##.###
######## #...KS.##
........#####.##@.##
#######.....#.###..##
.# #...†.>..... .#
##..#######... .#
###..## ##
.########...##
..##......###
#..#.###### ##...#


You could see a ball python and a kobold.

Vanquished Creatures
  A giant cockroach (D:1)
  A quokka (D:1)
  A bat (D:1)
  A rat (D:1)
4 creatures vanquished.

Notes
Turn   | Place    | Note
-------+----------+-------------------------------------------
     0 | D:1      | Doomgape the Octopode Transmuter began the quest for the
                  | Orb.
     0 | D:1      | Reached XP level 1. HP: 13/13 MP: 3/3
   157 | D:1      | Slain by a ball python

Illustrated notes

Levels and vault maps discovered:
D:1:      lemuel_arrival_river_ford, layout_rooms, basic_ecumenical_altar,
          serial_shops, nicolae_shop_waterfront, minmay_tall_x

Action                   || total
-------------------------++-------
Melee: Unarmed           ||     9
       Constrict         ||     4
       Kick              ||     2
       Punch             ||     1
       Tentacles         ||     1
 Cast: Beastly Appendage ||     3
 Stab: Sleeping          ||     2
Dodge: Dodged            ||     7
